 Dungeon Crawl Stone Soup version 0.30.0-29-ga12c61a403 (webtiles) character file.

Game seed: 7476684272715169093

67 safid the Chiller (level 4, -2/33 HPs)
             Began as a Merfolk Ice Elementalist on June 21, 2023.
             Slain by an orc priest
             ... wielding a +0 club
              (4 damage)
             ... on level 3 of the Dungeon.
             The game lasted 00:02:40 (1512 turns).

safid the Chiller (Merfolk Ice Elementalist)        Turns: 1512, Time: 00:02:40

Health: -2/33      AC:  2    Str:  8    XL:     4   Next: 16%
Magic:  3/7        EV: 12    Int: 16    God:
Gold:   148        SH:  0    Dex: 14    Spells: 4/8 levels left

rFire   . . .        c - +1 hand axe (venom)
rCold   . . .        (no shield)
rNeg    . . .        a - +0 robe
rPois   .            (no helmet)
rElec   .            (no cloak)
rCorr   .            (no gloves)
SInv    .            (no boots)
Will    .....        (no amulet)
Stlth   ++           (no ring)
HPRegen 0.25/turn    (no ring)
MPRegen 0.10/turn

%: no passive effects
@: no status effects
A: (nimble swimmer 2), mertail
a: no special abilities


You were on level 3 of the Dungeon.
You visited 1 branch of the dungeon, and saw 3 of its levels.

You collected 148 gold pieces.

Inventory:

Hand Weapons
 c - a +1 hand axe of venom (weapon)
Armour
 a - a +0 robe (worn)
Scrolls
 d - a scroll of noise {unknown}
 g - 3 scrolls of teleportation {unknown}
 h - 2 scrolls of vulnerability {unknown}
 i - a scroll of enchant armour {unknown}
 j - a scroll of fear {unknown}
 k - a scroll of magic mapping {unknown}
 l - a scroll of fog {unknown}
 p - a scroll of butterflies {unknown}
 r - a scroll of identify {unknown}
Potions
 b - a potion of magic
 e - 2 potions of curing {unknown}
 f - a potion of invisibility {unknown}
 m - a potion of resistance {unknown}
 n - a potion of brilliance {unknown}
 o - 3 potions of berserk rage {unknown}
 q - a potion of heal wounds {unknown}


   Skills:
 + Level 1.8 Fighting
 + Level 1.1 Armour
 - Level 2.6 Dodging
 - Level 2.1 Stealth
 + Level 2.6 Spellcasting
 + Level 4.8 Ice Magic


You had 4 spell levels left.
You knew the following spells:

 Your Spells              Type           Power      Damage    Failure   Level
a - Freeze                Ice            68%        1d8       2%          1
b - Frozen Ramparts       Ice            34%        1d6       8%          3

Your spell library contained the following spells:

 Spells                   Type           Power      Damage    Failure   Level
 Ozocubu's Armour         Ice            17%        N/A       8%          3
 Apportation              Tloc           4%         N/A       21%         1
 Necrotise                Necr           8%         1d4       21%         1
 Summon Small Mammal      Summ           8%         N/A       21%         1
 Summon Ice Beast         Ice/Summ       9%         N/A       56%         4


Dungeon Overview and Level Annotations

Branches:
Dungeon (3/15)

Altars:


Innate Abilities, Weirdness & Mutations

((You are very nimble when in or above water. (Stealth+, EV+, Speed+++)))
Your lower body shifts to a powerful aquatic tail in water.


Message History

[Y]es or [N]o only, please.
The spell is quite dangerous to miscast (9% risk of failure)!
Continue anyway?
Casting: Frozen Ramparts (quite dangerous; 9% risk of failure)
Press: ? - help, Dir - look around, f - activate The walls around you are covered in ice.
You feel sick.
The wall freezes the adder.
The adder seems to slow down.
The adder bites you.
You miss the adder.
The adder is moderately wounded.
You feel sick.
The wall freezes the jackal.
The wall freezes the adder.
The adder seems to slow down.
The adder closely misses you.
The wall freezes the jackal.
You hit the adder.
The adder is poisoned.
The adder is severely wounded.
You feel sick.
The wall freezes the adder.
The adder bites you.
The orc priest looks braver for a moment.
You barely miss the adder.
The adder is almost dead.
You hit the goblin.
You feel sick.
The wall freezes the adder.
You kill the adder!
The wall freezes the goblin.
You kill the goblin!
The wall freezes the jackal.
You kill the jackal!
You have reached level 4!
You hit the jackal.
You kill the jackal!
You feel sick.
The wall freezes the giant cockroach but does no damage.
The orc priest invokes the aid of Beogh against you.
Beogh smites you!
* * * LOW HITPOINT WARNING * * *
You slash the giant cockroach!
You kill the giant cockroach!
You feel sick.
You are no longer poisoned.
Unknown command.
You barely miss the orc priest.
The frozen ramparts melt away.
The orc priest hits you with a +0 club.
You die...

#.................#
###...#######.......#
#.......######.....##
..............###...########
###.......###.# ##..........
###...### #.# #####.####.
#...# ##.## #.# #.
##.#####...#######.####. #.
#.)@.>..............
####'o################.
##....†...## #. #..........#
#. #............# #.
#.!............# ..
....$........... .#
................ .
.......(........


You could see an orc priest.

Vanquished Creatures
  2 adders
  A worm (D:1)
  3 dart slugs
  5 bats
  2 endoplasms
  5 giant cockroaches
  4 goblins
  3 hobgoblins (D:1)
  2 jackals (D:3)
  2 kobolds (D:2)
  A quokka (D:2)
  A ball python (D:1)
  2 frilled lizards
  5 rats
38 creatures vanquished.

Notes
Turn   | Place    | Note
-------+----------+-------------------------------------------
     0 | D:1      | safid the Merfolk Ice Elementalist began the quest for the
                  | Orb.
     0 | D:1      | Reached XP level 1. HP: 13/13 MP: 3/3
   213 | D:1      | Reached XP level 2. HP: 20/20 MP: 5/5
   398 | D:1      | Reached skill level 1 in Fighting
   570 | D:1      | Reached XP level 3. HP: 26/26 MP: 6/6
   574 | D:1      | Learned a level 3 spell: Frozen Ramparts
   989 | D:2      | Reached skill level 1 in Armour
  1510 | D:3      | Reached XP level 4. HP: 19/33 MP: 3/7
  1512 | D:3      | Slain by an orc priest

Illustrated notes

Levels and vault maps discovered:
D:1:      amcnicky_arrival_gap_in_the_tavern_cellar, layout_loops_ring,
          kennysheep_flooded_box, nicolae_wormholes
D:2:      layout_loops_ring
D:3:      kennysheep_big_flooded_room, layout_loops_ring, trog_butcher_becter,
          minmay_misc_feat_cross, minmay_joined_circles

Skill      XL: |  1  2  3 |
---------------+----------+-----
Fighting       | 1 |  1.8
Armour         | 1 |  1.1
Dodging        | |  2.6
Stealth        | |  2.1
Spellcasting   | |  2.6
Ice Magic      | |  4.8

Action                     |  1- 3 |  4- 6 || total
---------------------------+-------+-------++-------
  Melee: Hand axe          |    79 |     3 ||    82
         Punch             |     1 |       ||     1
   Cast: Frozen Ramparts   |     1 |       ||     1
   Stab: Sleeping          |     5 |       ||     5
 Armour: Robe              |    14 |       ||    14
  Dodge: Dodged            |    54 |       ||    54
